 Dungeon Crawl Stone Soup version 0.31.0-32-g396128a36d (webtiles) character file.

Game seed: 15066785181376992744

503 spaghetti the Magician (level 7, -7/59 HPs)
             Began as an Oni Summoner on Mar 9, 2024.
             Shot with an arrow by a centaur (11 damage)
             ... on level 5 of the Dungeon.
             The game lasted 00:06:47 (4658 turns).

spaghetti the Magician (Oni Summoner)               Turns: 4658, Time: 00:06:48

Health: -7/59      AC:  3    Str: 13    XL:     7   Next: 17%
Magic:  5/15       EV: 10    Int: 18    God:
Gold:   191        SH:  0    Dex: 15    Spells: 7/17 levels left

rFire   . . .        e - +4 short sword
rCold   . . .        (no shield)
rNeg    . . .        a - +0 robe
rPois   .            (helmet restricted)
rElec   .            (no cloak)
rCorr   .            (gloves unavailable)
SInv    .            (boots unavailable)
Will    +....        (no amulet)
Stlth   ++           m - +6 ring of dexterity
HPRegen 0.29/turn    (no ring)
MPRegen 0.14/turn

%: no passive effects
@: attractive, enlightened, flying, invisible, inugami summoned
A: large, unfitting armour, horns 1, tough skin 1, double potion healing,
drunken brawling
a: no special abilities


You were on level 5 of the Dungeon.
You visited 1 branch of the dungeon, and saw 5 of its levels.

You collected 191 gold pieces.

Inventory:

Hand Weapons
 d - a +0 giant spiked club
 e - a +4 short sword (weapon)
 g - a +0 short sword
Armour
 a - a +0 robe (worn)
Jewellery
 m - a +6 ring of dexterity (left hand)
Scrolls
 c - 2 scrolls of blinking
 f - a scroll of torment
 h - 3 scrolls of teleportation
 k - 2 scrolls of poison {unknown}
Potions
 b - a potion of magic
 i - a potion of resistance


   Skills:
 - Level 1.7 Dodging
 - Level 1.4 Stealth
 + Level 5.8 Spellcasting
 - Level 5.0 Summonings
 + Level 3.3 Fire Magic


You had 7 spell levels left.
You knew the following spells:

 Your Spells              Type           Power      Damage    Failure   Level
a - Summon Small Mammal   Summ           92%        N/A       1%          1
b - Call Imp              Summ           46%        N/A       2%          2
c - Call Canine Familiar  Summ           23%        N/A       4%          3
d - Summon Blazeheart Go  Fire/Summ      20%        N/A       22%         4

Your spell library contained the following spells:

 Spells                   Type           Power      Damage    Failure   Level
 Magic Dart               Conj           20%        1d4       12%         1
 Ensorcelled Hibernation  Hex/Ice        10%        N/A       19%         2
 Searing Ray              Conj           10%        2d4       19%         2
 Fugue of the Fallen      Necr           5%         N/A       36%         3
 Ozocubu's Armour         Ice            5%         N/A       36%         3
 Passwall                 Erth           5%         N/A       36%         3
 Sigil of Binding         Hex            5%         N/A       36%         3
 Swiftness                Air            5%         N/A       36%         3
 Summon Lightning Spire   Summ/Air       14%        N/A       41%         4
 Dimensional Bullseye     Hex/Tloc       2%         N/A       77%         4
 Fulminant Prism          Conj/Alch      2%         3d5       77%         4
 Manifold Assault         Tloc           5%         N/A       77%         4


Dungeon Overview and Level Annotations

Branches:
Dungeon (5/15)
 Temple: D:4-7

Altars:
Hepliaklqana
Trog
Uskayaw
Xom

Shops:
D:5 ?

Annotations:
D:4 2 transporters


Innate Abilities, Weirdness & Mutations

You are too large for most types of armour.
You have a pair of small horns on your head.
You have tough skin. (AC +1)
You gain doubled healing and magic from potions.
Whenever you drink a healing potion, you attack all around you.


Message History

Your cerulean imp disappears in a puff of smoke!
Your inugami disappears in a puff of smoke!
The centaur unwields a +0 shortbow.
The centaur hits you.
* * * LOW HITPOINT WARNING * * *
The centaur closely misses you. The centaur barely misses you.
The centaur kicks you but does no damage.
Okay, then.
You fade into invisibility!
The centaur closely misses you. The centaur completely misses you.
Your rat barely misses the centaur.
You catch the helpless centaur completely off-guard!
You hit the centaur. You headbutt the centaur.
The centaur is moderately wounded.
The centaur hits you.
* * * LOW HITPOINT WARNING * * *
The centaur closely misses you. The centaur hits you.
* * * LOW HITPOINT WARNING * * *
The centaur barely misses you.
Your rat barely misses the centaur.
Casting: Summon Small Mammal (safe; 1% risk of failure)
Confirm with . or Enter, or press ? or * to list all spells.
You call for your canine familiar and it appears with a howl!
The centaur hits you.
* * * LOW HITPOINT WARNING * * *
The centaur closely misses you.
An ice beast comes into view.
Your rat bites the centaur but does no damage.
Okay, then.
Blink to where?
Press: ? - help, Dir - move target A white imp comes into view.
As you read the scroll of blinking, it crumbles to dust.
The centaur wields a +0 shortbow.
The centaur shoots an arrow.
The arrow hits your inugami! The jackal is attracted toward you. x2
The howler monkey is attracted toward you.
The white imp is attracted toward you. The centaur is attracted toward you.
You strike the helpless jackal from behind!
You puncture the jackal!
You kill the jackal!
The centaur shoots an arrow.
The arrow hits you!
You die...

#...#.............
#.....####.##..###
#....## #..#..#
#...## #.....# #..^#
#....## #####
####.#.## #.......#
###########+#.....#
#.r.§h.c..'@+.....#
#Y#########h#.....#
c. #.......########
... ##h###.........#
... #5# #.........#
..
...####§###.........#
.
.......h5...........#
..#.###.###.........#
#.. #.# #.........#


You could see a centaur (unable to see you, ally target), a howler monkey
(wandering, unable to see you), a white imp (wandering, unable to see you), a
jackal (unable to see you) and a friendly inugami (summoned).

Vanquished Creatures
  A scorpion (D:5)
  An orc priest (D:4)
  An adder (D:4)
  A dart slug (D:4)
  A ribbon worm (D:2)
  An orc (D:5)
  7 ball pythons
  8 endoplasms
  3 goblins
  3 jackals
  3 quokkas
  4 bats
  A frilled lizard (D:1)
  2 kobolds
  A rat (D:2)
38 creatures vanquished.

Vanquished Creatures (collateral kills)
  Menkaure (D:4)
  An ogre (D:4)
  An orc priest (D:4)
  An iguana (D:4)
  6 adders
  A ribbon worm (D:2)
  2 dart slugs
  4 orcs
  5 endoplasms
  A giant cockroach (D:2)
  4 goblins
  4 hobgoblins
  5 jackals
  2 quokkas
  A ball python (D:3)
  4 bats (D:1)
  2 frilled lizards
  A kobold (D:1)
  A rat (D:1)
  A butterfly (D:4)
48 creatures vanquished.

Grand Total: 86 creatures vanquished

Notes
Turn   | Place    | Note
-------+----------+-------------------------------------------
     0 | D:1      | spaghetti the Oni Summoner began the quest for the Orb.
     0 | D:1      | Reached XP level 1. HP: 16/16 MP: 3/3
   140 | D:1      | Reached XP level 2. HP: 23/24 MP: 2/5
   143 | D:1      | Learned a level 2 spell: Call Imp
   558 | D:1      | Reached XP level 3. HP: 26/31 MP: 2/7
   563 | D:1      | Learned a level 3 spell: Call Canine Familiar
  1325 | D:2      | Reached XP level 4. HP: 39/39 MP: 3/9
  2534 | D:3      | Learned a level 4 spell: Summon Blazeheart Golem
  2610 | D:3      | Found a hazy altar of Hepliaklqana.
  3149 | D:4      | Reached XP level 5. HP: 45/45 MP: 2/11
  3174 | D:4      | Reached skill level 1 in Fire Magic
  3470 | D:4      | Found a transporter.
  3475 | D:4      | Noticed a fire bat
  3686 | D:4      | Found a transporter.
  3696 | D:4      | Noticed an ogre
  3726 | D:4      | Reached skill level 5 in Summonings
  3726 | D:4      | Reached XP level 6. HP: 52/53 MP: 1/13
  3757 | D:4      | Reached skill level 5 in Spellcasting
  3960 | D:4      | Found a bloodstained altar of Trog.
  4125 | D:4      | Found a hide-covered altar of Uskayaw.
  4155 | D:4      | Noticed Menkaure
  4164 | D:4      | Killed Menkaure
  4165 | D:4      | Reached XP level 7. HP: 12/59 MP: 9/15
  4394 | D:4      | Found a shimmering altar of Xom.
  4562 | D:5      | Entered Level 5 of the Dungeon
  4637 | D:5      | Found Muudefann's Magic Scroll Shoppe.
  4658 | D:5      | Shot with an arrow by a centaur

Illustrated notes

Levels and vault maps discovered:
D:1:      tarquinn_simple_flora_water_f, layout_rooms, chequers_garden
D:2:      layout_basic
D:3:      layout_basic, lemuel_coloured_pillars_altar
D:4:      gammafunk_cloud_chamber, layout_rooms, mainiacjoe_overflow_paths,
          lemuel_tele_altar, xom_butterflies, uniq_menkaure
D:5:      layout_rooms, serial_shops, nicolae_shop_behind_doors

Skill      XL: |  1  2  3  4  5  6 |
---------------+-------------------+-----
Spellcasting   | 3 4 5 |  5.8
Summonings     | 4 5 |  5.0
Fire Magic     | 1 3 |  3.3
Dodging        | |  1.7
Stealth        | |  1.4

Action                     |  1- 3 |  4- 6 |  7- 9 || total
---------------------------+-------+-------+-------++-------
  Melee: Unarmed           |    25 |       |       ||    25
         Headbutt          |     9 |     5 |     2 ||    16
         Short sword       |    52 |    71 |    10 ||   133
   Cast: Summon Small Mamm |    20 |    31 |     4 ||    55
         Call Imp          |    16 |    25 |     3 ||    44
         Call Canine Famil |     8 |    23 |     4 ||    35
    Use: Scroll            |     3 |     2 |     1 ||     6
         Potion            |       |     5 |     3 ||     8
   Stab: Sleeping          |     2 |     2 |       ||     4
         Invisible         |       |       |     2 ||     2
         Distracted        |       |       |     1 ||     1
 Armour: Robe              |    55 |    53 |    12 ||   120
  Dodge: Dodged            |    61 |    40 |    11 ||   112
